 Dungeon Crawl Stone Soup version 0.19-a0-1879-gd95bc26 (webtiles) character file.

87 Minion the Chopper (level 4, 0/52 HPs)
             Began as a Demonspawn Berserker on Oct 14, 2016.
             Was a Believer of Trog.
             Succumbed to an adder's poison
             ... on level 2 of the Dungeon.
             The game lasted 00:02:59 (1834 turns).

Minion the Chopper (Demonspawn Berserker)           Turns: 1834, Time: 00:03:00

Health: 0/52       AC:  3    Str: 23    XL:     4   Next: 28%
Magic:  4/4        EV: 12    Int:  8    God:    Trog [**....]
Gold:   162        SH:  0    Dex: 13    Spells: 0 memorised, 3 levels left

rFire  . . .     SeeInvis .     a - +0 hand axe
rCold  + . .     Gourm    .     b - +0 animal skin
rNeg   . . .     Faith    .     (no shield)
rPois  .         Spirit   .     (no helmet)
rElec  .         Dismiss  .     (no cloak)
rCorr  .         Reflect  .     (no gloves)
MR     .....     Harm     .     n - +0 pair of boots
Stlth  ..........               (no amulet)
                                (no ring)
                                (no ring)

@: berserking, lethally poisoned (0 -> -2), very quick
A: cold resistance 1, powered by pain 1
a: Berserk, Trog's Hand, Burn Spellbooks, Renounce Religion


You were on level 2 of the Dungeon.
You worshipped Trog.
Trog was pleased with you.
You were hungry.

You visited 1 branch of the dungeon, and saw 2 of its levels.

You collected 162 gold pieces.

Inventory:

Hand Weapons
 a - a +0 hand axe (weapon)
Armour
 b - a +0 animal skin (worn)
 n - a +0 pair of boots (worn)
Scrolls
 i - a scroll of fog {unknown}
 k - a scroll of enchant armour {unknown}
 m - 4 scrolls of identify {unknown}
 p - 3 scrolls of teleportation {unknown}
Potions
 d - a potion of berserk rage
 e - a potion of agility {unknown}
 f - a potion of brilliance {unknown}
 g - a potion of ambrosia {unknown}
 j - a potion of lignification {unknown}
 l - a potion of curing {unknown}
Comestibles
 c - 2 bread rations
 h - a meat ration
 o - a beef jerky


   Skills:
 + Level 3.4 Fighting
 * Level 3.6 Axes
 + Level 2.4 Armour
 + Level 2.3 Dodging


You had 3 spell levels left.
You didn't know any spells.

Dungeon Overview and Level Annotations

Branches:
Dungeon (2/15)

Altars:


Innate Abilities, Weirdness & Mutations

Your flesh is cold resistant. (rC+)
You sometimes gain a little power by taking damage.


Message History

The adder bites you.
* * * LOW HITPOINT WARNING * * *
You are lethally poisoned!
The adder poisons you! The adder closely misses you.
You slash the adder!
You kill the adder!
Trog accepts your kill.
* * * LOW HITPOINT WARNING * * *
You feel sick.
You see here an adder corpse.
You butcher the adder corpse.
* * * LOW HITPOINT WARNING * * *
You feel sick.
You see here 2 chunks of flesh.
It was a potion of berserk rage.
A red film seems to cover your vision as you go berserk!
You feel yourself moving faster!
You feel mighty!
You are too berserk!
You feel a strong urge to attack something.
You die...

#..# # .#..... #. #... K
.......# #... ..
#.#..#.# #....
...#.#..#.##########.#
.....
........#.##.........#
..###.
#............######
#)...##.##.#
####..?.##(##.#
.#..@.%(.#.(.#.#
#>......()).#.#.#
#.#.....(.#...#.#
#....<....#.###.#
#.#.......#.# #.#
...#.......#.###.######
##....>.................
# ..#.#.###..##########
..#.#. #..# #


There were no monsters in sight!

Vanquished Creatures
  4 adders (D:2)
  A gnoll (D:1)
  An ooze (D:2)
  A worm (D:2)
  A dart slug (D:1)
  2 leopard geckos
  A ball python (D:1)
  4 goblins
  3 hobgoblins
  5 kobolds
  4 bats (D:1)
  A frilled lizard (D:2)
  5 rats
33 creatures vanquished.

Notes
Turn   | Place    | Note
-------+----------+-------------------------------------------
     0 | D:1      | Minion the Demonspawn Berserker began the quest for the Orb.
     0 | D:1      | Reached XP level 1. HP: 18/18 MP: 1/1
    91 | D:1      | Gained mutation: You sometimes gain a little power by taking damage. [demonic ancestry]
    91 | D:1      | Reached XP level 2. HP: 10/24 MP: 2/2
   889 | D:1      | Gained mutation: Your flesh is cold resistant. (rC+) [demonic ancestry]
   889 | D:1      | Reached XP level 3. HP: 29/29 MP: 3/3
  1129 | D:2      | Found a faded altar of an unknown god.
  1737 | D:2      | Reached ** piety under Trog
  1737 | D:2      | Reached XP level 4. HP: 26/35 MP: 4/4
  1831 | D:2      | HP: 1/35 [poisoned by an adder]
  1834 | D:2      | Succumbed to an adder's poison

Vault maps used:
D:1:      co_arrival_square_in_a_square_in_a_square
D:2:      ecumenical_altar_1

Skill      XL: |  1  2 |
---------------+-------+-----
Armour         | 2 |  2.4
Dodging        | 2 |  2.3
Axes           | 3 |  3.6
Fighting       | |  3.4

Action                   |  1- 3 |  4- 6 || total
-------------------------+-------+-------++-------
Melee: Hand axe          |    80 |    30 ||   110
Invok: Berserk           |       |     1 ||     1
  Use: Potion            |       |     1 ||     1
 Stab: Sleeping          |     1 |       ||     1
       Distracted        |       |     1 ||     1
  Eat: Chunk             |     2 |     1 ||     3
Armor: Animal skin       |    16 |     5 ||    21
Dodge: Dodged            |    49 |    21 ||    70
